 Dungeon Crawl Stone Soup version 0.28.0-62-gf88900778d (webtiles) character file.

Game seed: 4048818696002418083

262 cbfl8 the Chopper (level 5, -2/47 HPs)
             Began as a Minotaur Berserker on May 24, 2023.
             Was a Believer of Trog.
             Slain by Grinder (5 damage)
             ... on level 3 of the Dungeon.
             The game lasted 00:02:32 (3549 turns).

cbfl8 the Chopper (Minotaur Berserker)              Turns: 3549, Time: 00:02:33

Health: -2/47      AC:  9    Str: 22    XL:     5   Next: 97%
Magic:  4/4        EV:  8    Int:  4    God:    Trog [**....]
Gold:   135        SH:  0    Dex: 11    Spells: 4/4 levels left

rFire   . . .      SeeInvis .   b - +0 war axe
rCold   . . .      Faith    .   (no shield)
rNeg    . . .      Spirit   .   g - +0 chain mail
rPois   .          Reflect  .   (helmet restricted)
rElec   .          Harm     .   (no cloak)
rCorr   .          Rampage  .   (no gloves)
Will    .....                   (no boots)
Stlth   ..........              (no amulet)
HPRegen 0.15/turn               (no ring)
MPRegen 0.09/turn               (no ring)

@: on berserk cooldown, slowed, very slow
A: horns 2, retaliatory headbutt
a: Renounce Religion, Berserk, Trog's Hand


You were on level 3 of the Dungeon.
You worshipped Trog.
Trog was pleased with you.
You visited 1 branch of the dungeon, and saw 4 of its levels.

You collected 135 gold pieces.

Inventory:

Hand Weapons
 b - a +0 war axe (weapon)
Armour
 g - a +0 chain mail (worn)
Scrolls
 d - a scroll of teleportation {unknown}
 e - 2 scrolls of identify {unknown}
 k - a scroll of summoning {unknown}
 m - 2 scrolls of noise {unknown}
Potions
 a - a potion of invisibility {unknown}
 c - 2 potions of mutation {unknown}
 h - a potion of flight {unknown}
 j - a potion of curing {unknown}
 l - a potion of ambrosia {unknown}


   Skills:
 + Level 4.5 Fighting
 + Level 6.1 Axes
 + Level 3.6 Armour
 + Level 2.5 Dodging
 + Level 0.7 Stealth
 * Level 1.6 Evocations


You had 4 spell levels left.
You didn't know any spells.
Your spell library was empty.

Dungeon Overview and Level Annotations

Branches:
Dungeon (4/15)
 Temple: D:4-7

Altars:
Qazlal

Shops:
D:1 [   D:4 [

Annotations:
D:3 Grinder, Natasha


Innate Abilities, Weirdness & Mutations

You have a pair of horns on your head.
You reflexively headbutt those who attack you in melee.


Message History

You resist with significant effort.
A red film seems to cover your vision as you go berserk!
You feel yourself moving faster!
You feel mighty! Grinder hits you.
You writhe in agony.
You closely miss Grinder. Grinder barely misses you. You furiously retaliate!
You headbutt Grinder! You closely miss Grinder. Your headbutt misses Grinder.
Grinder is moderately wounded.
Grinder blinks!
You feel a strong urge to attack something.
You are no longer berserk.
You are exhausted.
You feel yourself slow down.
Grinder blinks!
Grinder gestures at you.
You suddenly lose the ability to move!
Natasha, Servant of Life and Death comes into view.
Grinder gestures at you. Pain shoots through your body!
Natasha hisses angrily.
Natasha mumbles some strange words.
Natasha casts a spell at you. The magic dart hits you! Grinder hits you.
You writhe in agony.
* * * LOW HITPOINT WARNING * * *
Natasha stares at you and mumbles some strange words.
You feel as though you will be slow longer.
Grinder gestures at you. Pain shoots through your body!
* * * LOW HITPOINT WARNING * * *
You can move again.
As you read the scroll labelled MOATEZUYGG, it crumbles to dust.
The creatures around you are filled with an inner flame!
It was a scroll of immolation.
Grinder hits you.
* * * LOW HITPOINT WARNING * * *
You writhe in agony.
* * * LOW HITPOINT WARNING * * *
Unknown command.
As you read the scroll labelled GOSENK TIDAV, it crumbles to dust.
You feel aware of your surroundings.
It was a scroll of magic mapping.
Grinder hits you.
You die...

..# #.####............# ..#
#..........####.### ### ..#
#....##....## #(# #.# #.##
#..###...##.###.# #.#
#..#####....h...##.....# #.#
................##.###########.#
##..##.#..###.5.##.............#
##........##.......###########.#
#...##.#..##....@..# #.#
#...##.#..##....5..# #########.#
########..##....######.........#
,*** #..##....# #.####.#####
,,,** #..##....#####.# #.#
,,,,** #........##.##.# #.#
,,,,,**#..#.#...##....# #.####
**,,,,*#..#.#...##.##.# #....#
***,,,*#.##,#...##.##.# #.####


You could see Grinder (inner flame), an iron imp (summoned, inner flame) and
Natasha (inner flame).

Vanquished Creatures
  A scorpion (D:4)
  Jessica (D:3)
  Natasha (D:3)
  2 hound skeletons
  6 adders
  An adder skeleton (D:4)
  A dart slug (D:4)
  5 orcs
  9 endoplasms
  3 giant cockroaches
  3 goblins (D:1)
  4 hobgoblins
  2 quokkas
  2 ball pythons (D:2)
  11 bats
  4 frilled lizards
  5 kobolds
  2 rats (D:1)
63 creatures vanquished.

Notes
Turn   | Place    | Note
-------+----------+-------------------------------------------
     0 | D:1      | cbfl8 the Minotaur Berserker began the quest for the Orb.
     0 | D:1      | Reached XP level 1. HP: 19/19 MP: 0/0
   282 | D:1      | Reached skill level 4 in Axes
   336 | D:1      | Reached XP level 2. HP: 19/27 MP: 1/1
   427 | D:1      | Found Guinlump's Antique Armour Shop.
  1287 | D:2      | Reached XP level 3. HP: 33/33 MP: 2/2
  1571 | D:2      | Reached skill level 5 in Axes
  1606 | D:2      | Reached ** piety under Trog
  2134 | D:2      | Reached XP level 4. HP: 40/40 MP: 3/3
  2406 | D:3      | Found a faded altar of an unknown god.
  2506 | D:3      | Noticed Jessica
  2516 | D:3      | Killed Jessica
  2654 | D:3      | Noticed Grinder
  2662 | D:3      | Paralysed by Grinder for 3 turns
  2804 | D:4      | Noticed a scorpion
  2809 | D:4      | Killed a scorpion
  2810 | D:4      | Reached skill level 1 in Evocations
  2810 | D:4      | Reached XP level 5. HP: 47/47 MP: 4/4
  2852 | D:4      | Found Zadihod's Armour Shoppe.
  3081 | D:4      | Reached skill level 6 in Axes
  3187 | D:3      | Found a stormy altar of Qazlal.
  3464 | D:3      | Noticed Natasha
  3467 | D:3      | Killed Natasha
  3531 | D:3      | Paralysed by Grinder for 2 turns
  3543 | D:3      | Paralysed by Grinder for 5 turns
  3543 | D:3      | Noticed Natasha
  3549 | D:3      | Slain by Grinder

Illustrated notes

Levels and vault maps discovered:
D:1:      tarquinn_simple_flora_water_b, layout_basic, serial_shops, shop,
          minmay_vboxes
D:2:      layout_loops_corners, nicolae_underground_beach
D:3:      layout_basic, mainiacjoe_overflow_chevrons,
          nicolae_ecumenical_pavilion, lightli_corner_chamber, uniq_natasha,
          uniq_jessica, uniq_grinder
D:4:      layout_loops_ring, general_overflow_altar, serial_shops, shop

Skill      XL: |  1  2  3  4  5 |
---------------+----------------+-----
Axes           | 4 5 6 |  6.1
Fighting       | 4 |  4.5
Armour         | 3 |  3.6
Evocations     | 1 |  1.6
Dodging        | |  2.5
Stealth        | |  0.7

Action                   |  1- 3 |  4- 6 || total
-------------------------+-------+-------++-------
Melee: Hand axe          |    47 |       ||    47
       Headbutt          |     6 |     9 ||    15
       War axe           |    33 |    61 ||    94
Invok: Berserk           |       |     3 ||     3
  Use: Scroll            |       |     2 ||     2
 Stab: Sleeping          |     2 |       ||     2
Armor: Animal skin       |     7 |       ||     7
       Chain mail        |    28 |    34 ||    62
Dodge: Dodged            |    52 |    31 ||    83
